Map: 2000 Atmospheres LE

Players

Nina - Winner!

  • Race: Protoss Protoss

Rob

  • Race: Protoss Protoss

Event: DreamHack SC2 Masters 2021 Fall

VOD

Have the link to the VOD?

Description

Time

  • Played on: Aug. 5, 2021, 5:51 p.m.
  • Length: 21:19

All games in this series

Show
View Real Time Build Order
Export as new Build Order

Nina Protoss - Winner!

Build Orders:  

Get SALT Encoding   

  12  0:00  Probe  
  13  0:12  Probe  
  14  0:17  Pylon  
  14  0:25  Probe (Chrono Boost)  
  15  0:35  Gateway  
  15  0:37  Probe (Chrono Boost)  
  16  0:45  Probe (Chrono Boost)  
  16  0:47  Assimilator  
  17  0:52  Probe  
  17  0:56  Assimilator  
  18  1:04  Probe (Chrono Boost)  
  19  1:11  Gateway  
  19  1:15  Probe (Chrono Boost)  
  20  1:20  Probe (Chrono Boost)  
  21  1:25  Cybernetics Core  
  21  1:31  Probe  
  22  1:38  Pylon  
  22  1:43  Probe  
  23  1:56  Probe  
  24  2:03  Stalker  
  24  2:04  Stalker  
  24  2:07  Warp Gate (Chrono Boost)  
  24  2:08  Probe  
  29  2:18  Pylon  
  29  2:20  Probe  
  30  2:32  Probe  
  31  2:38  Nexus  
  31  2:45  Sentry  
  31  2:46  Probe  
  31  2:49  Stalker  
  36  2:58  Shield Battery, Probe  
  36  3:07  Pylon  
  36  3:10  Probe  
  36  3:11  Sentry  
  39  3:25  Stalker  
  41  3:27  Probe  
  41  3:37  Robotics Facility  
  41  3:39  Probe  
  40  3:51  Probe  
  40  3:54  Stalker  
  43  3:56  Probe  
  43  3:58  Gateway  
  44  4:03  Stalker  
  44  4:05  Shield Battery  
  44  4:09  Pylon  
  40  4:32  Stalker x2  
  40  4:33  Probe  
  40  4:37  Probe  
  44  4:51  Shield Battery, Probe  
  44  4:52  Probe  
  46  4:57  Immortal (Chrono Boost)  
  46  5:03  Probe (Chrono Boost)  
  46  5:06  Probe (Chrono Boost)  
  52  5:08  Shield Battery  
  53  5:15  Probe (Chrono Boost)  
  53  5:17  Probe (Chrono Boost)  
  53  5:20  Probe (Chrono Boost)  
  54  5:21  Probe (Chrono Boost)  
  56  5:29  Stalker  
  56  5:30  Probe  
  56  5:32  Probe  
  60  5:42  Probe  
  58  5:44  Probe  
  58  5:45  Sentry  
  58  5:48  Twilight Council  
  61  5:51  Forge  
  61  5:54  Probe  
  61  5:57  Probe  
  63  6:00  Phoenix  
  63  6:05  Assimilator  
  63  6:06  Probe  
  63  6:08  Observer (Chrono Boost)  
  63  6:09  Probe  
  66  6:18  Probe  
  66  6:21  Probe  
  68  6:30  Nexus, Probe  
  69  6:33  Probe  
  70  6:46  Protoss Ground Weapons Level 1 (Chrono Boost), Pylon  
  70  6:47  Pylon, Blink (Chrono Boost)  
  70  6:51  Photon Cannon  
  70  6:59  Assimilator  
  70  7:01  Probe x2  
  70  7:02  Warp Prism (Chrono Boost)  
  70  7:05  Sentry  
  70  7:06  Stalker x2  
  78  7:13  Probe x2  
  78  7:15  Pylon  
  79  7:20  Gateway  
  79  7:21  Gateway  
  79  7:25  Probe x2  
  77  7:37  Probe x2  
  77  7:43  Stalker x3  
  81  7:46  Immortal  
  81  7:49  Probe x2  
  87  7:58  Pylon x2  
  87  8:01  Probe  
  87  8:02  Gateway  
  80  8:08  Stalker x3  
  80  8:12  Probe  
  87  8:14  Probe  
  87  8:16  Stalker  
  87  8:17  Stalker  
  89  8:29  Probe  
  89  8:34  Stalker x3  
  94  8:47  Stalker x2  
  96  8:48  Protoss Ground Weapons Level 2 (Chrono Boost)  
  96  8:57  Nexus, Stalker x2  
  96  8:58  Stalker x2  
  96  9:27  Robotics Bay  
  96  9:28  Stalker x2  
  96  9:29  Stalker x3  
  107  9:34  Pylon  
  106  9:41  Observer  
  106  9:43  Pylon, Shield Battery  
  90  10:02  Stalker x4  
  90  10:03  Observer (Chrono Boost)  
  90  10:06  Shield Battery, Stalker  
  99  10:11  Stalker  
  101  10:19  Assimilator  
  99  10:22  Disruptor (Chrono Boost)  
  102  10:28  Probe  
  102  10:32  Stalker x2  
  102  10:33  Photon Cannon  
  107  10:36  Observer  
  107  10:37  Assimilator  
  107  10:38  Photon Cannon  
  107  10:39  Stalker  
  109  10:43  Zealot  
  109  10:47  Stalker x2  
  113  11:04  Stalker x4  
  120  11:11  Disruptor (Chrono Boost)  
  123  11:19  Stalker x2  
  123  11:22  Pylon  
  123  11:24  Photon Cannon  
  127  11:27  Stalker  
  127  11:28  Stalker x2  
  133  11:32  Pylon  
  133  11:39  Pylon  
  133  11:46  Disruptor  
  130  11:56  Stalker x5  
  130  11:58  Probe  
  131  12:11  Stalker  
  131  12:12  Probe  
  133  12:22  Observer  
  133  12:23  Protoss Ground Weapons Level 3 (Chrono Boost)  
  133  12:25  Nexus  
  133  12:26  Pylon  
  133  12:31  Probe x3  
  136  12:43  Probe  
  137  12:45  Zealot x2  
  137  12:48  Disruptor (Chrono Boost)  
  137  12:50  Zealot x3  
  141  13:14  Probe  
  141  13:17  Nexus  
  142  13:21  Disruptor (Chrono Boost)  
  142  13:23  Robotics Facility  
  145  13:28  Pylon  
  145  13:35  Pylon  
  145  13:40  Pylon  
  145  13:43  Photon Cannon  
  145  13:46  Shield Battery  
  144  13:51  Disruptor  
  143  14:14  Disruptor  
  143  14:16  Zealot x5  
  156  14:19  Assimilator  
  153  14:27  Disruptor  
  151  14:39  Stalker x6  
  163  14:49  Disruptor  
  164  15:01  Photon Cannon  
  164  15:06  Assimilator, Pylon  
  164  15:11  Photon Cannon  
  164  15:24  Disruptor  
  164  15:25  Stalker x3  
  173  15:30  Photon Cannon  
  164  15:36  Nexus  
  164  15:42  Observer  
  165  15:59  Disruptor  
  165  16:03  Disruptor  
  171  16:13  Stalker  
  171  16:15  Pylon  
  171  16:17  Pylon  
  173  16:20  Dark Shrine  
  173  16:23  Pylon  
  173  16:35  Disruptor  
  173  16:38  Disruptor  
  179  16:47  Shield Battery, Photon Cannon  
  173  17:03  Stalker x4  
  173  17:04  Stalker x2  
  183  17:11  Disruptor  
  180  17:24  Assimilator  
  180  17:25  Assimilator  
  178  17:30  Disruptor  
  181  17:40  Dark Templar x3  
  184  17:48  Zealot  
  184  17:49  Zealot x2  
  183  18:24  Dark Templar x3  
  170  18:35  Photon Cannon  
  170  18:37  Photon Cannon  
  170  18:39  Photon Cannon  
  170  18:40  Photon Cannon  
  170  18:42  Photon Cannon  
  170  18:46  Nexus  
  161  19:05  Pylon  
  161  19:06  Photon Cannon  
  161  19:09  Photon Cannon  
  161  19:13  Stalker x4  
  157  20:05  Pylon  
  157  20:06  Zealot  
  157  20:07  Pylon, Zealot x3  
  136  20:28  Observer  
  136  20:30  Zealot  
  136  20:31  Zealot x3  
  131  20:36  Photon Cannon  
  125  20:43  Photon Cannon  
  125  20:44  Observer  
  113  20:56  Stalker x2  
  112  20:57  Stalker, Zealot  
  112  20:58  Photon Cannon  
  112  21:03  Pylon  
Show
View Real Time Build Order
Export as new Build Order

Rob Protoss 

Build Orders:  

Get SALT Encoding   

  12  0:00  Probe  
  13  0:12  Probe  
  14  0:17  Pylon  
  14  0:24  Probe (Chrono Boost)  
  15  0:37  Gateway, Probe (Chrono Boost)  
  15  0:42  Probe (Chrono Boost)  
  16  0:46  Assimilator  
  17  0:53  Probe  
  17  0:55  Assimilator  
  18  1:06  Probe  
  18  1:10  Gateway  
  19  1:18  Probe (Chrono Boost)  
  20  1:24  Cybernetics Core  
  20  1:28  Probe (Chrono Boost)  
  21  1:33  Probe (Chrono Boost)  
  21  1:38  Pylon  
  22  1:44  Probe  
  23  1:56  Gateway  
  27  2:08  Warp Gate (Chrono Boost)  
  27  2:09  Stalker x2  
  27  2:23  Pylon  
  27  2:39  Stalker x2  
  27  2:41  Pylon  
  32  2:57  Pylon  
  31  3:07  Stalker  
  33  3:32  Nexus  
  33  3:34  Probe  
  34  3:46  Probe (Chrono Boost)  
  35  3:52  Adept x2, Stalker  
  41  3:58  Probe (Chrono Boost)  
  42  4:06  Probe (Chrono Boost)  
  42  4:07  Twilight Council  
  43  4:12  Probe  
  44  4:24  Probe  
  44  4:29  Adept  
  44  4:30  Adept  
  47  4:36  Probe (Chrono Boost)  
  46  4:44  Blink (Chrono Boost)  
  45  4:47  Probe (Chrono Boost)  
  45  4:48  Probe (Chrono Boost)  
  46  4:54  Probe (Chrono Boost)  
  46  4:55  Probe (Chrono Boost)  
  46  4:59  Sentry x2, Probe (Chrono Boost)  
  52  5:01  Sentry  
  52  5:03  Probe  
  56  5:11  Probe  
  57  5:15  Probe  
  57  5:17  Forge  
  58  5:23  Probe  
  58  5:26  Stalker  
  58  5:27  Probe  
  58  5:28  Pylon  
  62  5:32  Pylon  
  62  5:34  Robotics Facility  
  62  5:38  Phoenix  
  62  5:39  Probe  
  61  5:46  Stalker x2  
  61  5:49  Probe  
  64  5:51  Protoss Ground Weapons Level 1 (Chrono Boost), Probe  
  64  5:56  Stalker  
  67  6:00  Shield Battery  
  67  6:01  Pylon  
  67  6:07  Pylon  
  67  6:10  Assimilator, Stalker  
  69  6:14  Stalker  
  71  6:29  Stalker  
  73  6:34  Stalker  
  73  6:38  Stalker  
  77  6:49  Pylon  
  77  6:52  Gateway  
  77  6:53  Gateway  
  77  6:55  Shield Battery  
  77  6:58  Gateway  
  77  6:59  Gateway  
  77  7:05  Stalker  
  77  7:06  Stalker  
  81  7:21  Probe x2  
  83  7:26  Pylon x2  
  83  7:27  Robotics Bay  
  75  7:45  Stalker x2  
  75  7:47  Probe x2  
  81  7:51  Nexus  
  81  7:52  Stalker x2  
  81  7:54  Stalker  
  87  8:06  Stalker  
  87  8:14  Stalker x2  
  87  8:15  Observer (Chrono Boost)  
  87  8:16  Probe x2  
  87  8:19  Assimilator  
  94  8:28  Stalker x2, Probe x2  
  100  8:40  Probe x2  
  102  8:48  Stalker x3  
  102  8:52  Charge (Chrono Boost), Probe x2  
  104  8:56  Pylon x2  
  94  9:19  Stalker x4  
  94  9:20  Zealot  
  98  9:24  Protoss Ground Weapons Level 2 (Chrono Boost)  
  98  9:26  Stalker  
  100  9:39  Gateway  
  100  9:41  Gateway  
  100  9:43  Pylon  
  88  10:05  Stalker x6  
  100  10:16  Photon Cannon  
  100  10:22  Nexus  
  98  10:30  Zealot x5  
  98  10:31  Zealot  
  98  10:34  Disruptor (Chrono Boost)  
  110  10:36  Pylon  
  113  10:45  Robotics Facility, Probe  
  114  10:57  Stalker x5  
  120  11:13  Disruptor (Chrono Boost)  
  120  11:15  Probe x2  
  120  11:16  Probe  
  126  11:27  Probe x2  
  126  11:30  Probe  
  129  11:33  Photon Cannon  
  129  11:35  Photon Cannon  
  129  11:37  Shield Battery, Disruptor (Chrono Boost), Zealot x3  
  129  11:39  Probe  
  143  11:40  Probe  
  143  11:41  Disruptor (Chrono Boost)  
  132  12:00  Disruptor (Chrono Boost)  
  124  12:12  Probe  
  124  12:13  Zealot x3  
  124  12:14  Zealot x5  
  144  12:18  Disruptor (Chrono Boost), Gateway x2  
  140  12:25  Disruptor (Chrono Boost)  
  142  12:35  Zealot x7  
  159  12:44  Disruptor (Chrono Boost)  
  157  12:51  Disruptor (Chrono Boost)  
  152  12:59  Observer  
  152  13:03  Nexus  
  137  13:16  Stalker  
  137  13:17  Stalker x7, Zealot x2  
  151  13:33  Pylon  
  151  13:36  Photon Cannon  
  151  13:37  Disruptor (Chrono Boost), Photon Cannon  
  151  13:39  Photon Cannon  
  151  13:40  Pylon  
  154  13:42  Photon Cannon  
  154  13:43  Assimilator, Photon Cannon  
  154  13:47  Assimilator  
  147  14:01  Zealot x9  
  165  14:05  Zealot  
  167  14:13  Disruptor x2 (Chrono Boost)  
  166  14:27  Zealot x10  
  143  14:40  Disruptor x2 (Chrono Boost)  
  122  14:54  Stalker x5  
  122  14:55  Stalker, Zealot x3  
  140  15:06  Zealot  
  140  15:07  Probe x4  
  140  15:08  Probe  
  145  15:19  Shield Battery  
  145  15:20  Photon Cannon, Stalker x3  
  146  16:01  Disruptor x2  
  148  16:19  Stalker x6  
  148  16:20  Stalker x4  
  166  16:52  Protoss Ground Weapons Level 3 (Chrono Boost)  
  166  16:53  Stalker x5  
  166  16:54  Stalker x2, Zealot x3  
  164  17:06  Pylon  
  156  17:17  Zealot x8  
  156  17:18  Zealot  
  164  17:37  Disruptor  
  164  17:41  Zealot x4  
  164  17:42  Zealot x6  
  187  17:45  Disruptor (Chrono Boost)  
  160  18:06  Stalker x5, Zealot  
  160  18:07  Zealot x4  
  168  18:17  Disruptor (Chrono Boost)  
  139  18:28  Zealot x2  
  139  18:29  Zealot x8  
  139  18:34  Observer (Chrono Boost)  
  128  18:59  Stalker x6  
  128  19:00  Zealot x4  
  124  19:10  Gateway  
  124  19:11  Gateway x3  
  124  19:13  Assimilator x2  
  124  19:20  Pylon  
  124  19:22  Pylon  
  124  19:24  Pylon  
  124  19:30  Pylon x2  
  124  19:31  Pylon  
  122  19:35  Photon Cannon  
  102  19:38  Shield Battery  
  102  19:44  Zealot x3  
  102  19:45  Zealot x4  
  96  20:05  Zealot x7  
  104  20:31  Observer  

Tags
 
Add a new tag
Caveats
  • Supply blocks, unpowered buildings, or Contaminate may cause inaccurate times.
  • Supply counts are checked every 10 seconds.